TOP OF THE 1ST |
Toronto Blue Jays batting - Pitching for Miami Marlins : RHP Julian Bush
|
Pitching: RHP Julian Bush
|
|
Batting: RHB Donny Burnside
|
0-0: Called Strike 0-1: Ball 1-1: Ball 2-1: Called Strike 2-2: Strikes out swinging
|
Batting: LHB Michael Byrd
|
0-0: Called Strike 0-1: Ball 1-1: Foul Ball, location: 2F 1-2: Ball 2-2: Foul Ball, location: 2F 2-2: Ball 3-2: Strikes out swinging
|
Batting: SHB Mark Rennie
|
0-0: Ball 1-0: Ground out 4-3 (Groundball, 34, EV 93.1 MPH)
|
Top of the 1st over - 0 runs, 0 hits, 0 errors, 0 left on base; Toronto 0 - Miami 0 |
BOTTOM OF THE 1ST |
Miami Marlins batting - Pitching for Toronto Blue Jays : LHP Stacy Hootentootin
|
Pitching: LHP Stacy Hootentootin
|
|
Batting: RHB Roger Salazar
|
0-0: Ball 1-0: Ball 2-0: Ball 3-0: Base on Balls
|
Batting: RHB Bert Clark
|
0-0: Called Strike 0-1: Ball 1-1: Ball 2-1: Called Strike 2-2: Ball 3-2: Fly out, F8 (Line Drive, 8LXD, EV 98.8 MPH)
|
Batting: LHB Andre Gorter
|
0-0: Called Strike 0-1: Ball 1-1: Ground out 4-3 (Groundball, 34D, EV 104.4 MPH) Roger Salazar to second
|
Batting: RHB Jimmy Groseclose
|
0-0: Ball 1-0: Ball 2-0: Ball 3-0: Called Strike 3-1: SINGLE (Groundball, 6MD, EV 108.8 MPH) Roger Salazar to third Runner from 3rd tries for Home, throw by CF and OUT! 8-2
|
Bottom of the 1st over - 0 runs, 1 hit, 0 errors, 1 left on base; Toronto 0 - Miami 0 |
TOP OF THE 2ND |
Toronto Blue Jays batting - Pitching for Miami Marlins : RHP Julian Bush
|
Batting: RHB Kirk Arp
|
0-0: Ball 1-0: Called Strike 1-1: Ground out 6-3 (Groundball, 56, EV 85.0 MPH)
|
Batting: RHB Jason May
|
0-0: Ball 1-0: Foul Ball, location: 2F 1-1: Foul Ball, location: 2F 1-2: Strikes out swinging
|
Batting: SHB Zory Larikov
|
0-0: Foul Ball, location: 2F 0-1: Ball 1-1: Ball 2-1: Ball 3-1: Ground out U3 (Groundball, 3, EV 78.1 MPH)
|
Top of the 2nd over - 0 runs, 0 hits, 0 errors, 0 left on base; Toronto 0 - Miami 0 |
BOTTOM OF THE 2ND |
Miami Marlins batting - Pitching for Toronto Blue Jays : LHP Stacy Hootentootin
|
Batting: RHB Mark Barger
|
0-0: Swinging Strike 0-1: Ball 1-1: Ball 2-1: SINGLE (Groundball, 4M, EV 101.9 MPH) (infield hit)
|
Batting: RHB Greg Herzig
|
0-0: Ball 1-0: Called Strike 1-1: Ball 2-1: Swinging Strike 2-2: Ball 3-2: SINGLE (Line Drive, 7S, EV 98.1 MPH) Mark Barger to second
|
Batting: RHB Justin Huff
|
0-0: Called Strike 0-1: Reached on error, E6 (Groundball, 4MS, EV 71.9 MPH) Mark Barger scores Greg Herzig to third
|
Batting: RHB Steve Barnard
|
0-0: Called Strike 0-1: Ball 1-1: Swinging Strike 1-2: Foul Ball, location: 2F 1-2: Ball 2-2: Strikes out swinging
|
Batting: RHB Josh Crenwelge
|
0-0: Called Strike 0-1: Ground out 6-3 (Groundball, 6MS, EV 85.0 MPH) Greg Herzig scores Justin Huff to third
|
Batting: RHB Roger Salazar
|
0-0: Ball 1-0: Fly out, F8 (Flyball, 8RXD, EV 81.9 MPH)
|
Bottom of the 2nd over - 2 runs, 2 hits, 1 error, 1 left on base; Toronto 0 - Miami 2 |
TOP OF THE 3RD |
Toronto Blue Jays batting - Pitching for Miami Marlins : RHP Julian Bush
|
Batting: RHB Ruben Velasco
|
0-0: Ball 1-0: Ball 2-0: SINGLE (Groundball, 56D, EV 107.5 MPH) (infield hit)
|
Batting: LHB Jon Schick
|
0-0: Swinging Strike 0-1: Fly out, F9 (Line Drive, 9, EV 107.5 MPH)
|
Batting: RHB Tommy Mize
|
0-0: Ball 1-0: Foul Ball, location: 2F 1-1: Ball 2-1: Foul Ball, location: 2F 2-2: Foul Ball, location: 2F 2-2: Ball 3-2: Foul Ball, location: 2F 3-2: Foul Ball, location: 2F 3-2: Strikes out swinging Ruben Velasco steals 2nd base Batter strikes out.
|
Batting: RHB Donny Burnside
|
0-0: Ball 1-0: Called Strike 1-1: Ball 2-1: Ball 3-1: Foul Ball, location: 2F 3-2: Foul Ball, location: 2F 3-2: SINGLE (Line Drive, 8LS, EV 101.2 MPH) Ruben Velasco to third Runner from 3rd tries for Home, SAFE, throw by CF to home Donny Burnside to second
|
Batting: LHB Michael Byrd
|
0-0: DOUBLE (Line Drive, 5D, EV 95.0 MPH) Donny Burnside scores
|
Batting: SHB Mark Rennie
|
0-0: Swinging Strike 0-1: Ball 1-1: Foul Ball, location: 2F 1-2: Ball 2-2: DOUBLE (Groundball, 3L, EV 106.2 MPH) Michael Byrd scores
|
Batting: RHB Kirk Arp
|
0-0: Ball 1-0: Ball 2-0: Ball 3-0: Called Strike 3-1: Called Strike 3-2: Ground out 5-3 (Groundball, 5L, EV 85.0 MPH)
|
Top of the 3rd over - 3 runs, 4 hits, 0 errors, 1 left on base; Toronto 3 - Miami 2 |
BOTTOM OF THE 3RD |
Miami Marlins batting - Pitching for Toronto Blue Jays : LHP Stacy Hootentootin
|
Batting: RHB Bert Clark
|
0-0: Ball 1-0: Ground out 4-3 (Groundball, 4MD, EV 86.9 MPH)
|
Batting: LHB Andre Gorter
|
0-0: Ball 1-0: Foul Ball, location: 2F 1-1: Foul Ball, location: 2F 1-2: Ground out 4-3 (Groundball, 4, EV 85.0 MPH)
|
Batting: RHB Jimmy Groseclose
|
0-0: Called Strike 0-1: SINGLE (Groundball, 6MD, EV 94.4 MPH)
|
Batting: RHB Mark Barger
|
0-0: Ball 1-0: Foul Ball, location: 2F 1-1: Ball 2-1: Ball 3-1: Called Strike 3-2: Base on Balls Jimmy Groseclose to second
|
Batting: RHB Greg Herzig
|
0-0: Fielders Choice at 2nd, 6-4 (Groundball, 6, EV 85.0 MPH)
|
Bottom of the 3rd over - 0 runs, 1 hit, 0 errors, 2 left on base; Toronto 3 - Miami 2 |
TOP OF THE 4TH |
Toronto Blue Jays batting - Pitching for Miami Marlins : RHP Julian Bush
|
Batting: RHB Jason May
|
0-0: Ball 1-0: Swinging Strike 1-1: Ball 2-1: Called Strike 2-2: Ball 3-2: Foul Ball, location: 2F 3-2: Fly out, F7 (Flyball, 7S, EV 94.4 MPH)
|
Batting: SHB Zory Larikov
|
0-0: Swinging Strike 0-1: Ball 1-1: Ball 2-1: Ground out U3 (Groundball, 34, EV 75.0 MPH)
|
Batting: RHB Ruben Velasco
|
0-0: Called Strike 0-1: Ball 1-1: Foul Ball, location: 2F 1-2: Ball 2-2: Foul Ball, location: 2F 2-2: Ball 3-2: Ground out 2-3 (Groundball, 2L, EV 63.8 MPH)
|
Top of the 4th over - 0 runs, 0 hits, 0 errors, 0 left on base; Toronto 3 - Miami 2 |
BOTTOM OF THE 4TH |
Miami Marlins batting - Pitching for Toronto Blue Jays : LHP Stacy Hootentootin
|
Batting: RHB Justin Huff
|
0-0: Ball 1-0: Foul Ball, location: 2F 1-1: Foul Ball, location: 2F 1-2: Strikes out looking
|
Batting: RHB Steve Barnard
|
0-0: Called Strike 0-1: Ball 1-1: Ground out 4-3 (Groundball, 4M, EV 91.2 MPH)
|
Batting: RHB Josh Crenwelge
|
0-0: Called Strike 0-1: DOUBLE (Line Drive, 78M, EV 104.4 MPH)
|
Batting: RHB Roger Salazar
|
0-0: Ball 1-0: Ground out 5-3 (Groundball, 56, EV 86.9 MPH)
|
Bottom of the 4th over - 0 runs, 1 hit, 0 errors, 1 left on base; Toronto 3 - Miami 2 |
TOP OF THE 5TH |
Toronto Blue Jays batting - Pitching for Miami Marlins : RHP Julian Bush
|
Batting: LHB Jon Schick
|
0-0: Reached on error, E3 (Groundball, 3L, EV 98.8 MPH)
|
Batting: RHB Tommy Mize
|
0-0: Grounds into double play, 6-4-3 (Groundball, 6, EV 99.4 MPH)
|
Batting: RHB Donny Burnside
|
0-0: Ball 1-0: Called Strike 1-1: SINGLE (Groundball, 56D, EV 109.4 MPH)
|
Batting: LHB Michael Byrd
|
0-0: Ball Donny Burnside steals 2nd base (no throw) 1-0: Ground out 5-3 (Groundball, 5L, EV 85.0 MPH)
|
Top of the 5th over - 0 runs, 1 hit, 1 error, 1 left on base; Toronto 3 - Miami 2 |
BOTTOM OF THE 5TH |
Miami Marlins batting - Pitching for Toronto Blue Jays : LHP Stacy Hootentootin
|
Batting: RHB Bert Clark
|
0-0: Ball 1-0: Ball 2-0: Swinging Strike 2-1: Ball 3-1: Ground out 4-3 (Groundball, 4, EV 85.6 MPH)
|
Batting: LHB Andre Gorter
|
0-0: Fly out, F8 (Flyball, 8LM, EV 80.0 MPH)
|
Batting: RHB Jimmy Groseclose
|
0-0: Ball 1-0: Fly out, F8 (Line Drive, 8RM, EV 90.0 MPH)
|
Bottom of the 5th over - 0 runs, 0 hits, 0 errors, 0 left on base; Toronto 3 - Miami 2 |
TOP OF THE 6TH |
Toronto Blue Jays batting - Pitching for Miami Marlins : RHP Julian Bush
|
Batting: SHB Mark Rennie
|
0-0: Fly out, F8 (Flyball, 8LXD, EV 101.9 MPH)
|
Batting: RHB Kirk Arp
|
0-0: Ball 1-0: Ball 2-0: Called Strike 2-1: Foul Ball, location: 2F 2-2: Ball 3-2: Foul Ball, location: 2F 3-2: SOLO HOME RUN (Flyball, 7LD, EV 96.9 MPH), Distance : 369 ft
|
Batting: RHB Jason May
|
0-0: Ball 1-0: Foul Ball, location: 2F 1-1: Called Strike 1-2: Ball 2-2: Strikes out swinging
|
Batting: SHB Zory Larikov
|
0-0: Swinging Strike 0-1: Ball 1-1: Foul Ball, location: 2F 1-2: Ball 2-2: SINGLE (Line Drive, 7S, EV 98.1 MPH)
|
Pitching: RHP Ian Newman
|
|
Batting: RHB Ruben Velasco
|
0-0: Called Strike 0-1: Ball 1-1: Foul Ball, location: 2F 1-2: Strikes out swinging
|
Top of the 6th over - 1 run, 2 hits, 0 errors, 1 left on base; Toronto 4 - Miami 2 |
BOTTOM OF THE 6TH |
Miami Marlins batting - Pitching for Toronto Blue Jays : LHP Stacy Hootentootin
|
Batting: RHB Mark Barger
|
0-0: Called Strike 0-1: SINGLE (Flyball, 8LS, EV 94.4 MPH)
|
Batting: RHB Greg Herzig
|
0-0: Called Strike 0-1: Foul Ball, location: 2F 0-2: Ball 1-2: Ball 2-2: Foul Ball, location: 2F 2-2: Fly out, F9 (Flyball, 9LS, EV 95.0 MPH)
|
Batting: RHB Justin Huff
|
0-0: Ball 1-0: Ball 2-0: Ground out 5-3 (Groundball, 5S, EV 64.4 MPH) Mark Barger to second
|
Batting: RHB Steve Barnard
|
0-0: Ball 1-0: Ball 2-0: Ball 3-0: Called Strike 3-1: SINGLE (Groundball, 4D, EV 100.6 MPH) Mark Barger to third Runner from 3rd tries for Home, throw by CF and OUT! 8-2
|
Bottom of the 6th over - 0 runs, 2 hits, 0 errors, 1 left on base; Toronto 4 - Miami 2 |
TOP OF THE 7TH |
Toronto Blue Jays batting - Pitching for Miami Marlins : RHP Ian Newman
|
Batting: LHB Jon Schick
|
0-0: Called Strike 0-1: Ball 1-1: Swinging Strike 1-2: Ball 2-2: Foul Ball, location: 2F 2-2: Ball 3-2: Base on Balls
|
Batting: RHB Tommy Mize
|
0-0: Ball 1-0: Called Strike Jon Schick steals 2nd base 1-1: Ball 2-1: Foul Ball, location: 2F 2-2: SINGLE (Line Drive, 9S, EV 103.1 MPH) Jon Schick to third
|
Pinch Hitting: SHB Matt Altieri
|
0-0: Ball 1-0: Ball 2-0: Grounds into double play, 6-4-3 (Groundball, 6, EV 86.9 MPH) Jon Schick scores
|
Batting: LHB Michael Byrd
|
0-0: Ball 1-0: Fly out, F8 (Flyball, 8LS, EV 90.0 MPH)
|
Top of the 7th over - 1 run, 1 hit, 0 errors, 0 left on base; Toronto 5 - Miami 2 |
BOTTOM OF THE 7TH |
Miami Marlins batting - Pitching for Toronto Blue Jays : LHP Stacy Hootentootin
|
Now in LF: Matt Altieri
|
|
Now in CF: Jon Schick
|
|
Now in RF: Mark Rennie
|
|
Batting: RHB Josh Crenwelge
|
0-0: Called Strike 0-1: Ball 1-1: Ball 2-1: Foul Ball, location: 2F 2-2: Foul Ball, location: 2F 2-2: Reaches on Catchers interference
|
Batting: RHB Roger Salazar
|
0-0: Foul Ball, location: 2F 0-1: Swinging Strike 0-2: Ball 1-2: Foul Ball, location: 2F 1-2: 2-RUN HOME RUN (Flyball, 7D, EV 102.5 MPH), Distance : 378 ft
|
Batting: RHB Bert Clark
|
0-0: Ball 1-0: Ground out 4-3 (Groundball, 4, EV 86.2 MPH)
|
Batting: LHB Andre Gorter
|
0-0: Foul Ball, location: 2F 0-1: Ball 1-1: Ball 2-1: Ground out 3-1 (Groundball, 34S, EV 71.2 MPH)
|
Batting: RHB Jimmy Groseclose
|
0-0: Fly out, F9 (Flyball, 9LM, EV 89.4 MPH)
|
Bottom of the 7th over - 2 runs, 1 hit, 1 error, 0 left on base; Toronto 5 - Miami 4 |
TOP OF THE 8TH |
Toronto Blue Jays batting - Pitching for Miami Marlins : RHP Ian Newman
|
Pitching: RHP Jason Davis
|
|
Batting: SHB Mark Rennie
|
0-0: Called Strike 0-1: Foul Ball, location: 2F 0-2: Strikes out swinging
|
Batting: RHB Kirk Arp
|
0-0: Swinging Strike 0-1: Ball 1-1: Swinging Strike 1-2: Ball 2-2: Ground out 6-3 (Groundball, 6, EV 88.8 MPH)
|
Batting: RHB Jason May
|
0-0: Swinging Strike 0-1: Called Strike 0-2: Ball 1-2: Ball 2-2: Ball 3-2: Base on Balls
|
Batting: SHB Zory Larikov
|
0-0: Ball 1-0: Fly out, F7 (Flyball, 7LD, EV 106.9 MPH)
|
Top of the 8th over - 0 runs, 0 hits, 0 errors, 1 left on base; Toronto 5 - Miami 4 |
BOTTOM OF THE 8TH |
Miami Marlins batting - Pitching for Toronto Blue Jays : LHP Stacy Hootentootin
|
Now in LF: Jon Schick
|
|
Now in CF: Dylan Novakowski
|
|
Batting: RHB Mark Barger
|
0-0: Ball 1-0: Ground out 6-3 (Groundball, 6, EV 77.5 MPH)
|
Pitching: RHP Junpei Yamazaki
|
|
Batting: RHB Greg Herzig
|
0-0: Fly out, F9 (Flyball, 9, EV 80.6 MPH)
|
Batting: RHB Justin Huff
|
0-0: Ball 1-0: Called Strike 1-1: Swinging Strike 1-2: Strikes out swinging
|
Bottom of the 8th over - 0 runs, 0 hits, 0 errors, 0 left on base; Toronto 5 - Miami 4 |
TOP OF THE 9TH |
Toronto Blue Jays batting - Pitching for Miami Marlins : RHP Jason Davis
|
Batting: RHB Ruben Velasco
|
0-0: Swinging Strike 0-1: Ball 1-1: Swinging Strike 1-2: Ball 2-2: Ball 3-2: SOLO HOME RUN (Flyball, 7LD, EV 95.0 MPH), Distance : 360 ft
|
Batting: LHB Jon Schick
|
0-0: Called Strike 0-1: Ground out 1-3 (Groundball, 15S, EV 64.4 MPH)
|
Batting: RHB Tommy Mize
|
0-0: Foul Ball, location: 2F 0-1: Foul Ball, location: 2F 0-2: Ball 1-2: Ground out 6-3 (Groundball, 6, EV 86.9 MPH)
|
Batting: SHB Dylan Novakowski
|
0-0: Ball 1-0: Ball 2-0: Swinging Strike 2-1: Foul Ball, location: 2F 2-2: Foul Ball, location: 2F 2-2: Ground out 4-3 (Groundball, 4, EV 90.6 MPH)
|
Top of the 9th over - 1 run, 1 hit, 0 errors, 0 left on base; Toronto 6 - Miami 4 |
BOTTOM OF THE 9TH |
Miami Marlins batting - Pitching for Toronto Blue Jays : RHP Junpei Yamazaki
|
Pitching: RHP Bobby Wright
|
|
Batting: RHB Steve Barnard
|
0-0: Swinging Strike 0-1: Foul Ball, location: 2F 0-2: Ball 1-2: Ball 2-2: Strikes out swinging
|
Pinch Hitting: LHB Kyle Beaulieu
|
0-0: Ball 1-0: Foul Ball, location: 2F 1-1: Swinging Strike 1-2: Fly out, F8 (Flyball, 8LM, EV 73.1 MPH)
|
Batting: RHB Roger Salazar
|
0-0: Called Strike 0-1: Foul Ball, location: 2F 0-2: Strikes out swinging
|
Bottom of the 9th over - 0 runs, 0 hits, 0 errors, 0 left on base; Toronto 6 - Miami 4 |
|